 Dungeon Crawl Stone Soup version 0.20.1-1-g8b1a95d (console) character file.

592 hilaritas the Gouger (level 7, -1/31 HPs)
             Began as a Felid Fighter on Sept 24, 2017.
             Was a Follower of Okawaru.
             Shot with an arrow by a centaur (14 damage)
             ... on level 6 of the Dungeon.
             The game lasted 00:12:50 (6206 turns).

hilaritas the Gouger (Felid Fighter)                Turns: 6206, Time: 00:12:50

Health: -1/31      AC:  2    Str: 14    XL:     7   Next: 16%
Magic:  9/9        EV: 20    Int:  9    God:    Okawaru [*.....]
Gold:   301        SH:  0    Dex: 21    Spells: 6/6 levels left
                                        Lives:  0   Deaths: 2

rFire    . . .     SeeInvis +     - Unarmed
rCold    . . .     Gourm    .   (shield unavailable)
rNeg     + . .     Faith    .   (armour unavailable)
rPois    .         Spirit   .   (helmet unavailable)
rElec    .         Reflect  .   (cloak unavailable)
rCorr    .         Harm     .   (gloves unavailable)
MR       +....                  (boots unavailable)
Stlth    ++++......             h - amulet of rage
Regen    0.1/turn               i - ring of positive energy
MPRegen  0.2/turn               k - +5 ring of dexterity

@: quick
A: no armour, no weapons or thrown items, stealth, claws 1, fangs 3, see
invisible, carnivore 3, speed 1, shaggy fur 2, slow metabolism 1, sharp paws
a: Heroism, Renounce Religion, Evoke Berserk Rage


You were on level 6 of the Dungeon.
You worshipped Okawaru.
Okawaru was aware of your devotion.
You were completely stuffed.

You visited 1 branch of the dungeon, and saw 6 of its levels.

You collected 331 gold pieces.
You spent 30 gold pieces at shops.

Inventory:

Missiles
 a - 62 arrows
Jewellery
 h - an amulet of rage (around neck)
 i - a ring of positive energy (left paw)
 k - a +5 ring of dexterity (right paw)
 u - an uncursed ring of flight
Wands
 l - a wand of acid (6/15)
 q - a wand of paralysis (18/24)
Scrolls
 c - 3 scrolls of teleportation
 e - 2 scrolls of remove curse
 o - a scroll of blinking
 t - 2 scrolls of identify
Potions
 d - a potion of curing {unknown}
 g - 3 potions of magic
 m - a potion of lignification
 n - a potion of might
 p - a potion of flight {unknown}
 r - a potion of mutation {unknown}
Comestibles
 b - 5 meat rations
 f - 3 royal jellies
 j - 4 chunks of flesh


   Skills:
 - Level 3.0 Fighting
 - Level 4.0 Dodging
 * Level 7.7 Stealth
 * Level 9.7 Unarmed Combat
 * Level 1.5 Invocations


You had 6 spell levels left.
You didn't know any spells.

Dungeon Overview and Level Annotations

Branches:
Dungeon (6/15)
 Temple: D:4-7

Altars:
Okawaru
Qazlal

Shops:
D:4 *   D:5 :


Innate Abilities, Weirdness & Mutations

You cannot wear armour.
You are incapable of wielding weapons or throwing items.
Your paws allow you to move quietly. (Stealth)
You have sharp claws.
You have razor-sharp teeth.
You have supernaturally acute eyesight. (SInv)
You are carnivorous and can eat meat at any time.
You cover ground quickly.
You are covered in thick fur. (AC +2)
You have a slow metabolism.
Your sharp claws are effective at attacking unaware monsters.


Message History

You eviscerate the worker ant!!!
You kill the worker ant!
Okawaru accepts your kill.
You see here a worker ant corpse.
You butcher the worker ant corpse.
j - 5 chunks of flesh (gained 3) Eating one of 5 chunks of flesh.
You eat one of the 5 chunks of flesh.
This raw flesh tastes great.
You now have 301 gold pieces (gained 11).
A centaur comes into view.
A gnoll comes into view. It is wielding a spear.
The centaur shouts!
The gnoll shouts!
The centaur wields a shortbow.
The centaur shoots an arrow.
The arrow hits you!
A gnoll comes into view.
The centaur shoots an arrow.
The arrow misses you.
The centaur shoots an arrow.
The arrow hits you!
A giant cockroach comes into view.
You see here an arrow.
The centaur shoots an arrow.
The arrow hits you!
You die...

*,,,,* #.##
******,,,,* #.#
,,,,,,,,,,* #.#
,**,,,,,,,* #.#
,,,,**,,,,* #.#
,,,,,*,,,,* #.#
,***,,,,,,* #(#
,* **,***** #.#
*****,* #.#
,,,,*,*** #(#
***,,,,,** #@#
***,*,,* #.#
*,**,*** #.#
*,**,,,****#c#*
*,,***,,,,,gg.*
**,* *,,,,,s..*
*,***,,,,,...*
*,,,,**,*#.###
*,,,,**,**,*
*,,,,**,**,*
*,,,,,,,**,*


You could see a centaur, 2 gnolls and a giant cockroach.

Vanquished Creatures
  Grinder (D:3)
  Sigmund (D:2)
  A phantom (D:5)
  A sky beast (D:5)
  An ogre (D:5)
  A centaur (D:4)
  A howler monkey (D:5)
  A crimson imp (D:5)
  3 orc priests (D:4)
  Ijyb (D:3)
  3 orc wizards (D:4)
  Terence (D:2)
  2 iguanas (D:5)
  Natasha (thrice) (D:2)
  4 worker ants
  A hound zombie (D:5)
  7 adders
  2 shadow imps (D:5)
  2 oozes
  An adder skeleton (D:4)
  4 worms
  5 dart slugs
  8 leopard geckos
  30 orcs
  5 ball pythons
  7 giant cockroaches
  6 goblins
  9 hobgoblins
  6 quokkas
  4 bats
  6 frilled lizards
  A giant cockroach zombie (D:5)
  5 kobolds
  A leopard gecko skeleton (D:5)
  21 rats
156 creatures vanquished.

Notes
Turn   | Place    | Note
-------+----------+-------------------------------------------
     0 | D:1      | hilaritas the Felid Fighter began the quest for the Orb.
     0 | D:1      | Reached XP level 1. HP: 10/10 MP: 2/2
   172 | D:1      | Reached XP level 2. HP: 14/14 MP: 3/3
   850 | D:1      | Reached XP level 3. HP: 17/17 MP: 4/4
   971 | D:1      | Reached skill level 5 in Unarmed Combat
  1120 | D:2      | Reached skill level 1 in Stealth
  1258 | D:2      | Noticed Terence
  1274 | D:2      | Killed Terence
  1274 | D:2      | Reached XP level 4. HP: 20/21 MP: 5/5
  1520 | D:2      | Noticed Natasha
  1529 | D:2      | Killed Natasha
  1580 | D:2      | Noticed Natasha
  1585 | D:2      | Killed Natasha
  1745 | D:2      | Noticed Natasha
  2144 | D:2      | Noticed Sigmund
  2169 | D:2      | Killed Sigmund
  2169 | D:2      | Reached skill level 6 in Unarmed Combat
  2169 | D:2      | Reached XP level 5. HP: 14/24 MP: 6/6
  2169 | D:2      | Gained mutation: You are covered in thick fur. (AC +2) [Felid growth]
  2169 | D:2      | Reached XP level 6. HP: 16/28 MP: 7/7
  2449 | D:2      | Killed Natasha
  2516 | D:3      | Noticed Ijyb
  2527 | D:3      | Killed Ijyb
  2527 | D:3      | Reached skill level 7 in Unarmed Combat
  3111 | D:3      | Noticed Grinder
  3116 | D:3      | Killed Grinder
  3116 | D:3      | Reached skill level 5 in Stealth
  3116 | D:3      | Reached XP level 7. HP: 31/31 MP: 8/8
  3599 | D:4      | Found Zuduujif's General Store.
  3605 | D:4      | Bought a scroll of teleportation for 30 gold pieces
  3698 | D:4      | Reached skill level 8 in Unarmed Combat
  4700 | D:4      | Found an iron altar of Okawaru.
  4731 | D:4      | Became a worshipper of Warmaster Okawaru
  5382 | D:5      | Entered Level 5 of the Dungeon
  5417 | D:5      | Found Nexi's Book Boutique.
  5485 | D:5      | Reached XP level 8. HP: 32/34 MP: 9/9
  5582 | D:5      | Reached skill level 9 in Unarmed Combat
  5618 | D:5      | Slain by a phantom
  5619 | D:5      | Reached XP level 7. HP: -2/31 MP: 8/8
  5627 | D:5      | Reached skill level 1 in Invocations
  5670 | D:5      | Engulfed by a cloud of freezing vapour
  5671 | D:5      | Reached XP level 6. HP: -1/28 MP: 7/7
  5672 | D:5      | Found a stormy altar of Qazlal.
  6102 | D:5      | Reached * piety under Okawaru
  6102 | D:5      | Reached XP level 7. HP: 31/31 MP: 7/9
  6206 | D:6      | Shot with an arrow by a centaur

Skill      XL: |  1  2  3  4  5  6  7  8 |
---------------+-------------------------+-----
Unarmed Combat | 5 6 7 8 9 |  9.7
Stealth        | 1 4 5 7 |  7.7
Invocations    | 1 |  1.5
Fighting       | |  3.0
Dodging        | |  4.0

Action                   |  1- 3 |  4- 6 |  7- 9 || total
-------------------------+-------+-------+-------++-------
Melee: Unarmed           |    79 |   131 |   181 ||   391
       Bite              |     8 |    11 |    21 ||    40
       Punch             |       |     7 |     7 ||    14
  Use: Potion            |     4 |       |     1 ||     5
       Scroll            |       |     1 |    10 ||    11
 Stab: Sleeping          |     3 |    14 |    12 ||    29
       Distracted        |       |     1 |     2 ||     3
  Eat: Chunk             |     8 |    10 |    10 ||    28
Armor: Skin              |     1 |     5 |    11 ||    17
Dodge: Dodged            |    60 |    58 |   119 ||   237
